 Dungeon Crawl Stone Soup version 0.19.0-9-gfd783f2 (webtiles) character file.

98 Pepeogr the Grave Robber (level 4, -4/30 HPs)
             Began as a Demonspawn Necromancer on Nov 7, 2016.
             Slain by Terence
             ... wielding a +0 short sword
              (5 damage)
             ... on level 2 of the Dungeon.
             The game lasted 00:10:40 (2044 turns).

Pepeogr the Grave Robber (Demonspawn Necromancer)   Turns: 2044, Time: 00:10:41

Health: -4/30      AC:  3    Str:  8      XL:     4   Next: 44%
Magic:  1/7        EV: 13    Int: 17      God:
Gold:   80         SH:  0    Dex: 13 (14) Spells: 2 memorised, 5 levels left

rFire  . . .     SeeInvis .     l - -2 short sword (curse)
rCold  . . .     Gourm    .     a - +0 robe
rNeg   . . .     Faith    .     (no shield)
rPois  .         Spirit   .     (no helmet)
rElec  .         Reflect  .     i - +0 cloak
rCorr  .         Harm     .     (no gloves)
MR     .....                    (no boots)
Stlth  ++........               (no amulet)
                                (no ring)
                                (no ring)

@: very slightly contaminated
A: claws 1
a: no special abilities


You were on level 2 of the Dungeon.
You were not hungry.

You visited 1 branch of the dungeon, and saw 2 of its levels.

You collected 80 gold pieces.

Inventory:

Hand Weapons
 d - a +0 dagger
 e - a +0 short sword
 l - a cursed -2 short sword (weapon)
Missiles
 g - 13 arrows
Armour
 a - a +0 robe (worn)
 i - a +0 cloak (worn)
Jewellery
 j - an uncursed ring of fire
Potions
 h - a potion of degeneration
Books
 b - a book of Necromancy

   Spells                             Type                      Level
   a - Pain                           Necromancy                   1
   b - Animate Skeleton               Necromancy                   1
   c - Vampiric Draining              Necromancy                   3
   d - Regeneration                   Charms/Necromancy            3
   e - Animate Dead                   Necromancy                   4
   f - Control Undead                 Necromancy                   4
Comestibles
 f - 3 meat rations


   Skills:
 + Level 0.2 Fighting
 * Level 1.5 Short Blades
 * Level 2.4 Dodging
 - Level 1.7 Stealth
 + Level 2.4 Spellcasting
 + Level 5.4 Necromancy


You had 5 spell levels left.
You knew the following spells:

 Your Spells              Type           Power        Failure   Level  Hunger
a - Pain                  Necr           ###.         1%          1    #......
b - Animate Skeleton      Necr           N/A          1%          1    #......


Dungeon Overview and Level Annotations

Branches:
Dungeon (2/15)

Altars:

Annotations:
D:2 Sigmund, Terence


Innate Abilities, Weirdness & Mutations

You have sharp fingernails.


Message History

Terence hits you with a short sword.
* * * LOW HITPOINT WARNING * * *
You hit Terence.
Terence is heavily wounded.
Terence misses you.
You hit Terence but do no damage.
Terence is heavily wounded.
Terence hits you with a short sword.
* * * LOW HITPOINT WARNING * * *
You hit Terence but do no damage.
Terence is heavily wounded.
Terence hits you with a short sword.
* * * LOW HITPOINT WARNING * * *
You barely miss Terence.
Terence is heavily wounded.
Terence misses you.
You hit Terence but do no damage.
Terence is heavily wounded.
Terence hits you with a short sword.
You die...

####################
#...........@@.....#
#.################.#
#.# #.# ###.### #.#
#...†.# #.#
###.###.# #.# ....#
.# #.# ###.###.###
#.# #....†...# #.#


You could see Terence.

Vanquished Creatures
  3 adders (D:2)
  2 oozes (D:1)
  A worm (D:2)
  A dart slug (D:1)
  2 leopard geckos (D:1)
  4 bats
  3 giant cockroaches
  8 goblins
  7 hobgoblins
  A jackal (D:2)
  8 kobolds
  A ball python (D:1)
  2 frilled lizards (D:1)
  14 rats
57 creatures vanquished.

Notes
Turn   | Place    | Note
-------+----------+-------------------------------------------
     0 | D:1      | Pepeogr the Demonspawn Necromancer began the quest for the Orb.
     0 | D:1      | Reached XP level 1. HP: 13/13 MP: 3/3
    64 | D:1      | Learned a level 1 spell: Animate Skeleton
   200 | D:1      | Gained mutation: You have sharp fingernails. [demonic ancestry]
   200 | D:1      | Reached XP level 2. HP: 16/19 MP: 1/5
   426 | D:1      | Reached skill level 5 in Necromancy
   770 | D:1      | Reached XP level 3. HP: 21/24 MP: 2/6
   835 | D:1      | Reached skill level 1 in Short Blades
  1453 | D:2      | Noticed Sigmund
  1590 | D:2      | Reached XP level 4. HP: 11/30 MP: 0/7
  2004 | D:2      | Noticed Terence
  2042 | D:2      | HP: 1/30 [Terence/short sword (3)]
  2044 | D:2      | Slain by Terence

Skill      XL: |  1  2  3 |
---------------+----------+-----
Dodging        | 2 |  2.4
Necromancy     | 5 |  5.4
Short Blades   | 1 |  1.5
Fighting       | |  0.2
Stealth        | |  1.7
Spellcasting   | |  2.4

Action                   |  1- 3 |  4- 6 || total
-------------------------+-------+-------++-------
Melee: Short sword       |    46 |    17 ||    63
 Cast: Pain              |    65 |    21 ||    86
  Use: Potion            |     4 |     2 ||     6
       Scroll            |     5 |       ||     5
 Stab: Sleeping          |     1 |       ||     1
  Eat: Bread ration      |     1 |       ||     1
Armor: Robe              |    12 |     6 ||    18
Dodge: Dodged            |    42 |    11 ||    53
